[Event "Saturday 07 April Rapid Engine Tour 12+1 Rounds 9 Starts 1600ST"]
[Site "Infinity Chess"]
[Date "2018.4.7"]
[Round "7"]
[White "Marsell"]
[Black "Eman"]
[Result "1/2-1/2"]
[ECO "B90"]
[WhiteElo "2463"]
[BlackElo "2482"]
[WhiteEngine "asmFishW_2018-04-02_bmi2"]
[BlackEngine "Eman 1.70-beta18 64-bit POPCNT"]
[EventType "Swiss"]
[WhiteTeam ""]
[BlackTeam ""]
[PlyCount "124"]
[TimeControl "720+1"]

1. e4 c5 2. Nf3 d6 3. d4 cxd4 4. Nxd4 Nf6 5. Nc3 a6 6. Be3 e5 7. Nb3 Be6 
8. f3 Be7 9. Qd2 Nbd7 10. g4 O-O 11. O-O-O b5 12. g5 Nh5 13. Nd5 Bxd5 
14. exd5 f6 15. gxf6 Bxf6 16. Na5 Qe8 17. Bh3 Nf4 18. Bxf4 exf4 19. Rhe1 Ne5 
20. Re4 Kh8 21. Qe2 Qg6 22. Be6 Bd8 23. Nc6 Nc4 24. Kb1 Bb6 25. a4 Bd8 
26. Nxd8 Raxd8 27. Qf2 Qh6 28. h4 Ne3 29. Rdd4 Rb8 30. a5 Nc4 31. b3 Ne5 
32. Rd1 Qh5 33. Bg4 Qg6 34. h5 Nxg4 35. Qh4 Qf5 36. Qxg4 Qxg4 37. fxg4 Rbe8 
38. Re6 Kg8 39. Rxd6 f3 40. Rf1 f2 41. Re6 Rxe6 42. dxe6 Rf3 43. Kc1 Kf8 
44. Kd2 Ke7 45. Ke2 Rc3 46. Kxf2 Rxc2+ 47. Kf3 Rc3+ 48. Ke4 Kxe6 49. Kd4 Rxb3 
50. Kc5 Rd3 51. Re1+ Kf6 52. Re8 Kg5 53. Re5+ Kxg4 54. Re7 Kxh5 55. Rxg7 Rh3 
56. Rxh7+ Kg4 57. Rg7+ Kf3 58. Rb7 Rh1 59. Kb6 Rh6+ 60. Ka7 Ke4 61. Rb6 Rh1 
62. Kxa6 Kd5 1/2-1/2

[Event "Saturday 07 April Rapid Engine Tour 12+1 Rounds 9 Starts 1600ST"]
[Site "Infinity Chess"]
[Date "2018.4.7"]
[Round "7"]
[White "SkyPilot"]
[Black "Murx"]
[Result "1/2-1/2"]
[ECO "C55"]
[WhiteElo "2476"]
[BlackElo "2506"]
[WhiteEngine "stockfish_x64_bmi2_2018_03_30_CTG"]
[BlackEngine "asmFishW_2018-04-01_bmi2"]
[EventType "Swiss"]
[WhiteTeam ""]
[BlackTeam ""]
[PlyCount "104"]
[TimeControl "720+1"]

1. e4 e5 2. Nf3 Nc6 3. Bc4 Nf6 4. d3 Be7 5. O-O O-O 6. Re1 d6 7. a4 Na5 
8. Ba2 c5 9. Na3 a6 10. c3 Be6 11. Nc4 Nxc4 12. Bxc4 Qd7 13. Bxe6 Qxe6 14. a5 h6 
15. Bd2 Rfe8 16. Qa4 Nd7 17. Be3 Rad8 18. Nd2 Nb8 19. Nc4 d5 20. exd5 Qxd5 
21. f3 Nc6 22. Rad1 Bf8 23. Bf2 Re6 24. Qa3 Rb8 25. Rd2 Rd8 26. h3 Be7 
27. Rdd1 Re8 28. Re4 Bf8 29. Kh2 Rf6 30. Qb3 Qd7 31. Qa3 Qd5 32. Kh1 Rfe6 
33. Ree1 Be7 34. Kh2 Bf8 35. Kh1 Rg6 36. Rd2 Rge6 37. Bg1 Rd8 38. Re4 Rde8 
39. Kh2 Rd8 40. Bf2 Be7 41. Kh1 Re8 42. Rd1 Bf8 43. Qb3 Qd7 44. Re2 Be7 
45. Kg1 Rg6 46. Kh2 Rd8 47. Re4 Qc7 48. Kh1 Rd7 49. Qb6 Qc8 50. Qb3 Qc7 
51. Qb6 Qc8 52. Qb3 Qc7 1/2-1/2

[Event "Saturday 07 April Rapid Engine Tour 12+1 Rounds 9 Starts 1600ST"]
[Site "Infinity Chess"]
[Date "2018.4.7"]
[Round "7"]
[White "xeonrocks"]
[Black "Harry_Potter"]
[Result "1/2-1/2"]
[ECO "C50"]
[WhiteElo "2551"]
[BlackElo "2502"]
[WhiteEngine "Stockfish_x64_bmi2_CTG"]
[BlackEngine "Stockfish_x64_bmi2_CTG"]
[EventType "Swiss"]
[WhiteTeam ""]
[BlackTeam ""]
[PlyCount "175"]
[TimeControl "720+1"]

1. e4 e5 2. Nf3 Nc6 3. Bc4 Bc5 4. d3 Nf6 5. O-O d6 6. c3 a5 7. Re1 Ba7 
8. Nbd2 O-O 9. h3 h6 10. Nf1 Be6 11. Bb5 Ne7 12. Ng3 c6 13. Ba4 b5 14. Bc2 a4 
15. d4 Ng6 16. Be3 Bb6 17. Qd2 Re8 18. b3 axb3 19. axb3 Qe7 20. c4 bxc4 
21. bxc4 Qf8 22. Qc3 Bc7 23. Nf5 Rec8 24. Ng3 Rxa1 25. Rxa1 Ra8 26. Bd3 Rxa1+ 
27. Qxa1 Qd8 28. Bf1 Qe8 29. d5 Bd7 30. Nd2 Qd8 31. Qa7 Ba5 32. Nb3 Bc7 
33. Nd2 Qb8 34. Qa3 Qd8 35. Qa6 Qc8 36. Qa3 Qb8 37. Ne2 Bd8 38. Nc3 c5 
39. Nb5 Bb6 40. g3 h5 41. h4 Ng4 42. Be2 f6 43. Nf1 Nh8 44. Bd2 Nf7 45. Kg2 g6 
46. Bd1 Kg7 47. Bc2 Ngh6 48. Qc1 Ng4 49. Qb1 Ngh6 50. Ne3 Qd8 51. Qa1 Ng4 
52. Nd1 Qb8 53. f3 Ngh6 54. Ne3 Qd8 55. Bc3 Kg8 56. Kf1 f5 57. exf5 Qf6 
58. Qa8+ Bd8 59. Ba5 Bxf5 60. Nxf5 gxf5 61. Bxd8 Nxd8 62. Nc7 Nhf7 63. Qa1 f4 
64. Qe1 Kf8 65. g4 hxg4 66. fxg4 e4 67. g5 Qe7 68. Qxe4 Qxc7 69. Qxf4 Qa5 
70. g6 Qa1+ 71. Kg2 Qa2 72. Qf5 Qxc4 73. Be4 Qe2+ 74. Kh3 Qe3+ 75. Kg2 Qe2+ 
76. Kg3 Qd2 77. gxf7 Qe3+ 78. Qf3 Qxf3+ 79. Bxf3 Nxf7 80. h5 c4 81. Kf4 c3 
82. Bd1 Kg7 83. Ke4 c2 84. Bxc2 Ne5 85. h6+ Kxh6 86. Bb1 Nc4 87. Ba2 Nd2+ 
88. Kd3 1/2-1/2

[Event "Saturday 07 April Rapid Engine Tour 12+1 Rounds 9 Starts 1600ST"]
[Site "Infinity Chess"]
[Date "2018.4.7"]
[Round "7"]
[White "fati64"]
[Black "THE_MACHINE"]
[Result "1/2-1/2"]
[ECO "C55"]
[WhiteElo "2458"]
[BlackElo "2507"]
[WhiteEngine "BrainFish_180404_x64"]
[BlackEngine "BrainFish_180404_x64_bmi2"]
[EventType "Swiss"]
[WhiteTeam ""]
[BlackTeam ""]
[PlyCount "89"]
[TimeControl "720+1"]

1. e4 e5 2. Nf3 Nc6 3. Bc4 Nf6 4. d3 Bc5 5. c3 d6 6. O-O O-O 7. h3 a5 
8. Nbd2 Be6 9. Bb5 h6 10. Re1 Qb8 11. Re2 Qa7 12. Nf1 a4 13. Ng3 Qa5 
14. Bxc6 bxc6 15. Nh4 Rfe8 16. Re1 d5 17. exd5 cxd5 18. Rxe5 Bf8 19. Qc2 c5 
20. Bd2 Nd7 21. Re2 c4 22. d4 a3 23. bxa3 Qa4 24. Qc1 Qxa3 25. Qe1 Nf6 
26. Nf3 Ra6 27. Bc1 Qe7 28. Ne5 Qc7 29. f4 Qc8 30. a4 Bf5 31. Nxf5 Qxf5 
32. Ng4 Rxe2 33. Nxf6+ Qxf6 34. Qxe2 Qf5 35. a5 Qd7 36. Bd2 Bd6 37. f5 Qxf5 
38. Qe8+ Kh7 39. Qb5 Ra8 40. Qc6 Rxa5 41. Rxa5 Qb1+ 42. Kf2 Qf5+ 43. Kg1 Qb1+ 
44. Kf2 Qf5+ 45. Kg1 1/2-1/2

[Event "Saturday 07 April Rapid Engine Tour 12+1 Rounds 9 Starts 1600ST"]
[Site "Infinity Chess"]
[Date "2018.4.7"]
[Round "7"]
[White "Susanne"]
[Black "MarioDeMonti"]
[Result "1/2-1/2"]
[ECO "C55"]
[WhiteElo "2514"]
[BlackElo "2513"]
[WhiteEngine "stockfish_jvv03_x64_bmi2_CTG"]
[BlackEngine "stockfish_x64_bmi2_2018_02_18_CTG"]
[EventType "Swiss"]
[WhiteTeam ""]
[BlackTeam ""]
[PlyCount "175"]
[TimeControl "720+1"]

1. e4 e5 2. Nf3 Nc6 3. Bc4 Nf6 4. d3 Bc5 5. c3 d6 6. O-O O-O 7. Nbd2 a5 
8. Re1 h6 9. h3 Be6 10. Bb5 Qb8 11. Nf1 Qa7 12. Be3 Bxe3 13. Nxe3 Ne7 14. a4 Ng6 
15. Bc4 Bxc4 16. Nxc4 Qa6 17. g3 Rfe8 18. Ne3 Qc6 19. Qb3 b6 20. Qc4 Qd7 
21. Kg2 Ne7 22. Qa2 Reb8 23. Qb3 Re8 24. Qc2 Nc6 25. Rad1 Qe6 26. Re2 Rab8 
27. Rde1 Qd7 28. Qb3 Ne7 29. Rd2 Ng6 30. Qc2 Nf8 31. Rdd1 Ra8 32. d4 exd4 
33. Nf5 Rxe4 34. Nxh6+ gxh6 35. Rxe4 Nxe4 36. Qxe4 Re8 37. Qxd4 Qc6 38. b3 Re4 
39. Qd2 Re6 40. c4 Nd7 41. Re1 Rxe1 42. Qxe1 Ne5 43. Qe3 Kg7 44. g4 Kg6 
45. Kg3 Qxf3+ 46. Qxf3 Nxf3 47. Kxf3 f5 48. Kf4 fxg4 49. hxg4 c6 50. f3 Kf6 
51. Ke3 Kg5 52. Ke4 Kh4 53. Kf5 d5 54. cxd5 cxd5 55. Ke5 Kg3 56. f4 Kxg4 
57. f5 d4 58. f6 d3 59. f7 d2 60. f8=Q d1=Q 61. Qxh6 Qxb3 62. Qf4+ Kh5 
63. Qd4 Qg3+ 64. Kf6 Kh6 65. Qd2+ Kh5 66. Qd1+ Kh4 67. Qd4+ Kh3 68. Kf5 Qf3+ 
69. Ke6 b5 70. axb5 Qe2+ 71. Qe5 Qc4+ 72. Kd7 Qb3 73. Qh5+ Kg3 74. Qg6+ Kh2 
75. b6 a4 76. Kc8 a3 77. b7 Qc3+ 78. Kd7 Qd4+ 79. Kc6 Qc3+ 80. Kb5 Qb2+ 
81. Kc6 a2 82. Qh5+ Kg3 83. b8=Q+ Qxb8 84. Qg5+ Kf3 85. Qh5+ Ke3 86. Qc5+ Kd2 
87. Qd5+ Kc1 88. Qxa2 1/2-1/2

[Event "Saturday 07 April Rapid Engine Tour 12+1 Rounds 9 Starts 1600ST"]
[Site "Infinity Chess"]
[Date "2018.4.7"]
[Round "7"]
[White "ocirema"]
[Black "star99"]
[Result "1/2-1/2"]
[ECO "C50"]
[WhiteElo "2454"]
[BlackElo "2491"]
[WhiteEngine "asmFishW_2018-04-01_popcnt"]
[BlackEngine "Cryptic Heroes 9.3B"]
[EventType "Swiss"]
[WhiteTeam ""]
[BlackTeam ""]
[PlyCount "112"]
[TimeControl "720+1"]

1. e4 e5 2. Nf3 Nc6 3. Bc4 Bc5 4. O-O d6 5. c3 Nf6 6. d3 O-O 7. h3 a5 8. Nbd2 h6 
9. Re1 Be6 10. a4 Ba7 11. b3 d5 12. exd5 Nxd5 13. Ne4 Re8 14. Bd2 Nf6 
15. Qe2 Qe7 16. Bb5 Bxb3 17. c4 Nxe4 18. Qxe4 Rad8 19. Bxc6 bxc6 20. Bc3 Qd6 
21. Bxe5 Qxd3 22. Qg4 Qg6 23. Qxg6 fxg6 24. Bxc7 Rxe1+ 25. Rxe1 Rd3 
26. Bxa5 Bxa4 27. Bb4 Kh7 28. Re7 Bb6 29. Rb7 Bd8 30. Be7 Bxe7 31. Rxe7 Bb3 
32. Ne5 Rd4 33. Rc7 Bxc4 34. Rxc6 Bd5 35. Rc7 g5 36. Rd7 Rd2 37. f3 Rd1+ 
38. Kf2 Bb3 39. Rxd1 Bxd1 40. g3 Bb3 41. Ke3 Bd1 42. f4 gxf4+ 43. gxf4 Bc2 
44. h4 g6 45. Nc4 Kg7 46. Nd2 Kf7 47. Nc4 Ke6 48. Na3 Bd1 49. Nb5 Kf5 
50. Nd4+ Kg4 51. Ke4 h5 52. Ke5 Kxh4 53. f5 gxf5 54. Kxf5 Kg3 55. Kg5 Bg4 
56. Nf5+ Bxf5 1/2-1/2

[Event "Saturday 07 April Rapid Engine Tour 12+1 Rounds 9 Starts 1600ST"]
[Site "Infinity Chess"]
[Date "2018.4.7"]
[Round "6"]
[White "angriff"]
[Black "beka"]
[Result "1-0"]
[ECO "B95"]
[WhiteElo "2337"]
[BlackElo "2383"]
[WhiteEngine "DracoREX 3.07 64BIT POPCNT_CTG"]
[BlackEngine "stockfish_18032408_32bit"]
[EventType "Swiss"]
[WhiteTeam ""]
[BlackTeam ""]
[PlyCount "171"]
[TimeControl "720+1"]

1. e4 c5 2. Nf3 d6 3. d4 cxd4 4. Nxd4 Nf6 5. Nc3 a6 6. Bg5 e6 7. Qf3 Nbd7 
8. Be2 Qc7 9. O-O Be7 10. a4 b6 11. Rad1 O-O 12. Qg3 Bb7 13. Bh6 Ne8 
14. Rfe1 Nc5 15. f3 Qd8 16. Rf1 Bh4 17. Qg4 Bf6 18. Be3 Qe7 19. Qg3 Rc8 
20. Qf2 Bh4 21. g3 Bf6 22. Rfe1 h6 23. Bf1 Qd8 24. h4 Qc7 25. Bh3 Be7 
26. Re2 Bf6 27. Bg2 Be7 28. g4 Qd8 29. g5 hxg5 30. hxg5 Bxg5 31. f4 Bh4 
32. Qf3 Nf6 33. Qh3 Nfxe4 34. Bf3 Nxc3 35. bxc3 Ne4 36. Rh2 Rxc3 37. Rd3 Rc4 
38. Nxe6 Bc8 39. Nxd8 Bxh3 40. Nb7 Bc8 41. Bxe4 Rxe4 42. Nxd6 Rxe3 43. Rxe3 Bf6 
44. Rd2 Be6 45. Red3 Bh4 46. Rh2 Bf6 47. f5 Bc8 48. Re2 Bg5 49. Nxc8 Rxc8 
50. Rd6 Rc4 51. Rxb6 Rxa4 52. Rc6 Ra5 53. Rc8+ Kh7 54. Rh2+ Bh6 55. Rh5 Re5 
56. c4 a5 57. Kf2 f6 58. c5 a4 59. c6 a3 60. c7 Rc5 61. Kg3 Rc3+ 62. Kg4 a2 
63. Rh1 g5 64. Rd1 Rc4+ 65. Kg3 Rc3+ 66. Kg2 Rc2+ 67. Kf3 Bg7 68. Ra1 Rc5 
69. Ke4 g4 70. Rxa2 g3 71. Rg2 Rc4+ 72. Kd5 Rc3 73. Kd4 Rc1 74. Rxg3 Bh6 
75. Rc3 Rxc3 76. Kxc3 Bf4 77. Rh8+ Kxh8 78. c8=Q+ Kg7 79. Qe8 Bd6 80. Kc4 Bf8 
81. Kd5 Kh8 82. Ke6 Kg8 83. Qf7+ Kh8 84. Kxf6 Bh6 85. Kg6 Bc1 86. Qg7# 1-0

[Event "Saturday 07 April Rapid Engine Tour 12+1 Rounds 9 Starts 1600ST"]
[Site "Infinity Chess"]
[Date "2018.4.7"]
[Round "6"]
[White "RonWeasley"]
[Black "Dovahkiin"]
[Result "1/2-1/2"]
[ECO "D30"]
[WhiteElo "2438"]
[BlackElo "2360"]
[WhiteEngine "BrainFish EMT_CTG"]
[BlackEngine "corchess_x64_modern_CTG"]
[EventType "Swiss"]
[WhiteTeam ""]
[BlackTeam ""]
[PlyCount "117"]
[TimeControl "720+1"]

1. d4 d5 2. c4 e6 3. Nf3 Nf6 4. Nc3 c6 5. Bg5 h6 6. Bxf6 Qxf6 7. e3 Nd7 
8. Be2 g6 9. O-O Bg7 10. e4 dxe4 11. Nxe4 Qf4 12. Qc2 f5 13. Ned2 c5 14. g3 Qc7 
15. Nh4 Bxd4 16. Nxg6 Rg8 17. Nh4 Nf6 18. Ndf3 Rxg3+ 19. hxg3 Qxg3+ 20. Ng2 Ng4 
21. Qd2 Bxf2+ 22. Rxf2 Qxf2+ 23. Kh1 Bd7 24. Ne5 O-O-O 25. Nxg4 fxg4 26. Rd1 h5 
27. b3 b6 28. Qd3 Qf5 29. Kg1 Qxd3 30. Rxd3 Be8 31. Kf2 Rxd3 32. Bxd3 Kd8 
33. Kg3 Ke7 34. Nf4 Kf6 35. Kh4 Ke5 36. Ne2 Bf7 37. Bc2 Be8 38. Bb1 Bc6 
39. Bg6 Bf3 40. Ng3 Kd4 41. Bxh5 Kc3 42. Bxg4 Bxg4 43. Kxg4 Kb2 44. Nf1 Kxa2 
45. Nd2 Kb2 46. Kf3 e5 47. Kf2 Kc3 48. Ke1 Kd3 49. Kd1 e4 50. Nf1 a6 51. Ke1 b5 
52. cxb5 axb5 53. Kd1 e3 54. Ng3 b4 55. Ne2 c4 56. bxc4 b3 57. Nc1+ Kxc4 
58. Ne2 b2 59. Kc2 1/2-1/2

[Event "Saturday 07 April Rapid Engine Tour 12+1 Rounds 9 Starts 1600ST"]
[Site "Infinity Chess"]
[Date "2018.4.7"]
[Round "6"]
[White "KhalidOmar"]
[Black "Vimtiroba"]
[Result "1/2-1/2"]
[ECO "D35"]
[WhiteElo "2408"]
[BlackElo "2380"]
[WhiteEngine "Eman 1.70-beta18 64-bit BMI2"]
[BlackEngine "SF9 ''A6''_CTG"]
[EventType "Swiss"]
[WhiteTeam ""]
[BlackTeam ""]
[PlyCount "126"]
[TimeControl "720+1"]

1. d4 d5 2. c4 e6 3. Nc3 Nf6 4. cxd5 exd5 5. Bg5 c6 6. e3 Be7 7. Bd3 O-O 
8. Qc2 Nbd7 9. Nf3 h6 10. Bh4 Re8 11. O-O Ne4 12. Bxe4 Bxh4 13. Bh7+ Kh8 
14. Nxh4 Qxh4 15. Bd3 Qe7 16. Rfb1 Nf6 17. h3 g5 18. Re1 Bd7 19. Qd2 Kg7 
20. b4 Rac8 21. Rab1 Qd6 22. b5 b6 23. Rec1 cxb5 24. Nxb5 Qb8 25. Ra1 Rxc1+ 
26. Rxc1 Rc8 27. Rxc8 Bxc8 28. g4 Bd7 29. Kg2 a5 30. Qc1 Qd8 31. Nc3 Qc7 
32. Qd2 Qd6 33. Qd1 Qc6 34. Qc2 Qc8 35. Qd2 Qc7 36. Be2 Qd6 37. Bd3 Qc7 
38. f3 Qd6 39. Qc2 Qa3 40. e4 dxe4 41. fxe4 Qb4 42. Ne2 b5 43. Qc1 a4 
44. Kf2 Qa5 45. Ke3 Be6 46. Qb1 b4 47. d5 Qc5+ 48. Kd2 Bc8 49. Qb2 a3 
50. Qe5 Bd7 51. Qd4 Qxd4 52. Nxd4 h5 53. Nc2 hxg4 54. hxg4 Nxg4 55. Nxb4 Ne5 
56. Ke3 f5 57. exf5 Kf6 58. d6 Nxd3 59. Nxd3 Bxf5 60. Nc5 Bg4 61. Kd4 Bf5 
62. Ne4+ Bxe4 63. Kxe4 Ke6 1/2-1/2

[Event "Saturday 07 April Rapid Engine Tour 12+1 Rounds 9 Starts 1600ST"]
[Site "Infinity Chess"]
[Date "2018.4.7"]
[Round "6"]
[White "KQRBNP"]
[Black "ocirema"]
[Result "0-1"]
[ECO "D31"]
[WhiteElo "2425"]
[BlackElo "2439"]
[WhiteEngine "Eman 1.70-beta18 64-bit POPCNT"]
[BlackEngine "asmFishW_2018-04-01_popcnt"]
[EventType "Swiss"]
[WhiteTeam ""]
[BlackTeam ""]
[PlyCount "152"]
[TimeControl "720+1"]

1. d4 d5 2. c4 e6 3. Nc3 c6 4. e4 dxe4 5. Nxe4 Bb4+ 6. Bd2 Qxd4 7. Bxb4 Qxe4+ 
8. Be2 Na6 9. Ba5 b6 10. Qd6 Bd7 11. Bc3 f6 12. Rd1 O-O-O 13. Qa3 Kb7 14. c5 b5 
15. Nf3 Ne7 16. Ba5 Nd5 17. Nd2 Qe5 18. Bxd8 Rxd8 19. Nf3 Qe4 20. Nd2 Qe5 
21. Kf1 Be8 22. Nf3 Qe4 23. Re1 Qg6 24. Bd3 Qf7 25. g3 Qh5 26. Be2 Qh3+ 
27. Kg1 e5 28. Qa5 Ndc7 29. Qc3 Bh5 30. a4 b4 31. Qe3 Ne6 32. Rc1 Nac7 
33. a5 Nd5 34. Qe4 Kc7 35. Bf1 Qg4 36. Qxg4 Bxg4 37. Be2 Ndf4 38. gxf4 Nxf4 
39. Kf1 Nxe2 40. Kxe2 e4 41. Rhe1 Bxf3+ 42. Kf1 Rd5 43. Rc4 Rh5 44. Kg1 a6 
45. Re3 Rg5+ 46. Kf1 Rg2 47. Rcxe4 Bxe4 48. Rxe4 Rg5 49. Rc4 Rd5 50. Ke2 g5 
51. Kf3 h5 52. Kg2 Rf5 53. Kg1 h4 54. h3 Rd5 55. Kg2 f5 56. Kg1 b3 57. Rc3 Rd1+ 
58. Kg2 Ra1 59. Rxb3 Rxa5 60. Rb6 Ra2 61. Rb4 a5 62. Rb6 Kd7 63. Kf3 Ra4 
64. Ra6 Rf4+ 65. Kg2 a4 66. Kg1 Rb4 67. f3 Ke6 68. f4 gxf4 69. Rxc6+ Kd5 
70. Rc7 Rxb2 71. Ra7 Ra2 72. Rb7 a3 73. c6 Kxc6 74. Rb3 Ra1+ 75. Kh2 a2 
76. Ra3 Kb5 0-1

[Event "Saturday 07 April Rapid Engine Tour 12+1 Rounds 9 Starts 1600ST"]
[Site "Infinity Chess"]
[Date "2018.4.7"]
[Round "6"]
[White "Deep_Impact"]
[Black "Prometheus"]
[Result "1/2-1/2"]
[ECO "D43"]
[WhiteElo "2461"]
[BlackElo "2446"]
[WhiteEngine "BrainFish_180404_x64_bmi2"]
[BlackEngine "Eman 1.70-beta18 64-bit BMI2"]
[EventType "Swiss"]
[WhiteTeam ""]
[BlackTeam ""]
[PlyCount "99"]
[TimeControl "720+1"]

1. d4 d5 2. c4 e6 3. Nc3 Nf6 4. Nf3 c6 5. Bg5 h6 6. Bxf6 Qxf6 7. e3 Nd7 
8. Be2 g6 9. O-O Bg7 10. e4 dxe4 11. Nxe4 Qf4 12. Qc2 f5 13. Ned2 c5 14. g3 Qc7 
15. Nh4 Bxd4 16. Nxg6 Rg8 17. Nh4 Nf6 18. Ndf3 Rxg3+ 19. hxg3 Qxg3+ 20. Ng2 Ng4 
21. Qd2 Bxf2+ 22. Rxf2 Qxf2+ 23. Kh1 Bd7 24. Rf1 Qg3 25. Qe1 Qxe1 26. Nfxe1 Ne5 
27. Nf3 Ng4 28. Nfh4 Ne5 29. Kg1 Bc6 30. Bf3 Nxf3+ 31. Nxf3 Bxf3 32. Rxf3 Rd8 
33. Nf4 Kf7 34. Rh3 Rd2 35. Rxh6 Rxb2 36. a3 Rc2 37. Nxe6 Rxc4 38. Kf2 b5 
39. Nd8+ Kg7 40. Rd6 b4 41. axb4 cxb4 42. Rd7+ Kf6 43. Rxa7 b3 44. Ke3 b2 
45. Rb7 f4+ 46. Kd3 b1=Q+ 47. Rxb1 Ra4 48. Nc6 Ra3+ 49. Ke2 Kf5 50. Rb8 1/2-1/2

[Event "Saturday 07 April Rapid Engine Tour 12+1 Rounds 9 Starts 1600ST"]
[Site "Infinity Chess"]
[Date "2018.4.7"]
[Round "6"]
[White "Thinker"]
[Black "Marsell"]
[Result "1/2-1/2"]
[ECO "C55"]
[WhiteElo "2452"]
[BlackElo "2463"]
[WhiteEngine "BrainFish_180404_x64_modern_CTG"]
[BlackEngine "asmFishW_2018-04-02_bmi2"]
[EventType "Swiss"]
[WhiteTeam ""]
[BlackTeam ""]
[PlyCount "134"]
[TimeControl "720+1"]

1. e4 e5 2. Nf3 Nc6 3. Bc4 Nf6 4. d3 Bc5 5. c3 d6 6. O-O O-O 7. h3 a6 8. Re1 Ba7 
9. Bb3 h6 10. Nbd2 Re8 11. Nf1 Be6 12. Bc2 d5 13. Qe2 b5 14. Bd2 Qd7 15. Ng3 d4 
16. a4 Bc5 17. Rec1 Qd6 18. Qe1 Rab8 19. axb5 axb5 20. Ne2 Nxe4 21. dxe4 d3 
22. b4 Bb6 23. Bd1 dxe2 24. Bxe2 Ne7 25. Bxb5 Bxf2+ 26. Qxf2 Rxb5 27. c4 Rbb8 
28. c5 Qd3 29. Nxe5 Qxe4 30. Re1 Qf5 31. Qxf5 Bxf5 32. Nf3 Nd5 33. Nd4 Bd3 
34. Ra3 Rxe1+ 35. Bxe1 Bc4 36. Ra4 Kh7 37. Bd2 Kg6 38. Ra1 Re8 39. Be1 Re4 
40. Bf2 Nc3 41. Ra7 Ne2+ 42. Nxe2 Bxe2 43. Rxc7 Rxb4 44. Rd7 Rb1+ 45. Kh2 Rc1 
46. g4 Rc2 47. Kg3 Rc3+ 48. Kg2 Bf3+ 49. Kh2 f6 50. Rd6 Kf7 51. Rd7+ Kg6 
52. Rd6 Be4 53. Bd4 Rd3 54. h4 Kf7 55. Bg1 Ke7 56. Rxd3 Bxd3 57. Kg3 Kd7 
58. Be3 Kc6 59. h5 Bc4 60. Kf3 Bf7 61. Ke4 Bg8 62. Kf5 Bf7 63. Bc1 Kxc5 
64. Ba3+ Kd5 65. Bf8 Bg8 66. Bxg7 Be6+ 67. Kxf6 Bxg4 1/2-1/2

[Event "Saturday 07 April Rapid Engine Tour 12+1 Rounds 9 Starts 1600ST"]
[Site "Infinity Chess"]
[Date "2018.4.7"]
[Round "6"]
[White "hafaba"]
[Black "Eman"]
[Result "1/2-1/2"]
[ECO "D31"]
[WhiteElo "2463"]
[BlackElo "2483"]
[WhiteEngine "Eman 1.70-beta18 64-bit POPCNT_CTG"]
[BlackEngine "Eman 1.70-beta18 64-bit POPCNT"]
[EventType "Swiss"]
[WhiteTeam ""]
[BlackTeam ""]
[PlyCount "121"]
[TimeControl "720+1"]

1. d4 d5 2. c4 e6 3. Nc3 c6 4. Nf3 Nf6 5. e3 Nbd7 6. Qc2 Bd6 7. Bd3 O-O 
8. O-O dxc4 9. Bxc4 b5 10. Bd3 Bb7 11. a3 Re8 12. Bd2 a5 13. Ng5 h6 14. Nge4 Bf8 
15. Nxf6+ Nxf6 16. Ne4 Nxe4 17. Bxe4 b4 18. Rfc1 Qb6 19. Qd1 e5 20. axb4 axb4 
21. Rxa8 Rxa8 22. dxe5 Rd8 23. f4 Qb5 24. Qe1 Be7 25. Rd1 c5 26. Bxb7 Qxb7 
27. Bc1 Rc8 28. Qe2 c4 29. h3 Qc6 30. Kh2 Rc7 31. Qg4 c3 32. bxc3 bxc3 
33. Rd4 c2 34. f5 Qb5 35. Qe4 Qb8 36. f6 Bf8 37. fxg7 Bxg7 38. Rd5 Bf8 
39. Qg4+ Kh7 40. Qd4 Rc6 41. Qe4+ Kg7 42. Qf5 Kg8 43. Qg4+ Kh7 44. g3 Qe8 
45. Rd7 Kh8 46. e6 Qxe6 47. Bb2+ Kh7 48. Qxe6 Rxe6 49. Rxf7+ Kg8 50. Rc7 Rxe3 
51. Rxc2 Bd6 52. Rc8+ Kf7 53. Rc2 Bxg3+ 54. Kg2 Rd3 55. Rc5 Bd6 56. Rf5+ Ke8 
57. Rf2 Kd7 58. Rf6 Rd2+ 59. Kf1 h5 60. Rf2 Rxf2+ 61. Kxf2 1/2-1/2

[Event "Saturday 07 April Rapid Engine Tour 12+1 Rounds 9 Starts 1600ST"]
[Site "Infinity Chess"]
[Date "2018.4.7"]
[Round "6"]
[White "Murx"]
[Black "KRAKEN"]
[Result "1/2-1/2"]
[ECO "D30"]
[WhiteElo "2507"]
[BlackElo "2474"]
[WhiteEngine "asmFishW_2018-04-01_bmi2"]
[BlackEngine "Raubfisch X38_CTG"]
[EventType "Swiss"]
[WhiteTeam ""]
[BlackTeam ""]
[PlyCount "140"]
[TimeControl "720+1"]

1. d4 d5 2. c4 e6 3. cxd5 exd5 4. Nc3 c6 5. Bf4 Nf6 6. e3 Bf5 7. Rc1 Bd6 
8. Nge2 O-O 9. Qb3 b6 10. Ng3 Bxf4 11. Nxf5 Bc7 12. g3 Nbd7 13. Bg2 g6 
14. Nh4 Bd6 15. O-O Rc8 16. Rc2 b5 17. Rfc1 Nb6 18. a4 a6 19. Qa2 Nc4 
20. Nb1 Re8 21. Nf3 Na5 22. b3 b4 23. Bf1 Ra8 24. Nbd2 Qc8 25. Ne1 Qf5 
26. Qb2 Re7 27. Bd3 Qd7 28. Be2 Qf5 29. Kg2 Kg7 30. Bd3 Qc8 31. Nef3 Qc7 
32. Bf1 Ree8 33. Be2 Kg8 34. Rb1 Kg7 35. Rbc1 Qe7 36. Re1 Ng4 37. Bd3 f5 
38. h3 Nf6 39. Ne5 c5 40. Nef3 Nb7 41. Rec1 Kg8 42. Be2 Rec8 43. h4 Rc7 
44. Ng5 a5 45. Ndf3 h6 46. Nh3 Ne4 47. Nf4 Bxf4 48. exf4 Qf6 49. Ne5 Rac8 
50. h5 g5 51. fxg5 hxg5 52. Bf3 Re8 53. Kg1 Kh7 54. Bxe4 fxe4 55. Ng4 Qf3 
56. Ne3 Rd8 57. Rd2 Qxh5 58. dxc5 Kg8 59. f4 d4 60. Rh2 Qf3 61. Nf5 Rxc5 
62. Rf1 Qc3 63. Qg2 Rxf5 64. Qh3 Qc5 65. Qh8+ Kf7 66. Qh7+ Kf8 67. Qh6+ Ke7 
68. Qh7+ Kf8 69. Qh6+ Ke7 70. Qh7+ Kf8 1/2-1/2

[Event "Saturday 07 April Rapid Engine Tour 12+1 Rounds 9 Starts 1600ST"]
[Site "Infinity Chess"]
[Date "2018.4.7"]
[Round "6"]
[White "SkyPilot"]
[Black "THE_MACHINE"]
[Result "1/2-1/2"]
[ECO "C55"]
[WhiteElo "2475"]
[BlackElo "2508"]
[WhiteEngine "stockfish_x64_bmi2_2018_03_30_CTG"]
[BlackEngine "BrainFish_180404_x64_bmi2"]
[EventType "Swiss"]
[WhiteTeam ""]
[BlackTeam ""]
[PlyCount "109"]
[TimeControl "720+1"]

1. e4 e5 2. Nf3 Nc6 3. Bc4 Nf6 4. d3 Bc5 5. c3 d6 6. O-O O-O 7. Bg5 h6 8. Bh4 g5 
9. Bg3 a6 10. Nbd2 Ba7 11. a4 Nh7 12. h3 h5 13. Kh1 Kh8 14. b4 h4 15. Bh2 g4 
16. hxg4 Bxg4 17. b5 Na5 18. Ba2 Qf6 19. d4 Rae8 20. Qb1 Qh6 21. Qd3 f5 
22. exf5 Bxf5 23. Qe3 Qh5 24. Nxe5 Nf6 25. Nf7+ Rxf7 26. Bxf7 Qxf7 27. Qh6+ Kg8 
28. Qxh4 Rf8 29. bxa6 bxa6 30. Rfe1 Qh7 31. Qxh7+ Bxh7 32. Re3 Rf7 33. Rae1 Nd5 
34. Rh3 Re7 35. Rxe7 Nxe7 36. Bf4 Bc2 37. Rh5 Bb6 38. Bg5 Nd5 39. c4 Nb4 
40. Bh6 Nd3 41. Be3 Nc6 42. c5 dxc5 43. dxc5 Ba5 44. Nc4 Be1 45. Rd5 Nxf2+ 
46. Bxf2 Bxf2 47. Rd2 Bb3 48. Rxf2 Bxc4 49. Rb2 Ne5 50. Rb7 c6 51. Kh2 Nd3 
52. Rb6 Ne5 53. Rb7 Bd5 54. Ra7 Bc4 55. Rb7 1/2-1/2

[Event "Saturday 07 April Rapid Engine Tour 12+1 Rounds 9 Starts 1600ST"]
[Site "Infinity Chess"]
[Date "2018.4.7"]
[Round "6"]
[White "Susanne"]
[Black "Harry_Potter"]
[Result "1/2-1/2"]
[ECO "C53"]
[WhiteElo "2515"]
[BlackElo "2501"]
[WhiteEngine "stockfish_jvv03_x64_bmi2_CTG"]
[BlackEngine "Stockfish_x64_bmi2_CTG"]
[EventType "Swiss"]
[WhiteTeam ""]
[BlackTeam ""]
[PlyCount "96"]
[TimeControl "720+1"]

1. e4 e5 2. Nf3 Nc6 3. Bc4 Bc5 4. c3 Nf6 5. d3 d6 6. O-O a5 7. Bg5 Ba7 8. Bh4 h6 
9. Na3 Qe7 10. Nc2 g5 11. Bg3 Bd7 12. Ne3 O-O-O 13. a3 Rdf8 14. b4 h5 15. b5 Nd8 
16. h4 Bxe3 17. fxe3 Be6 18. Bxe6+ Nxe6 19. b6 cxb6 20. hxg5 Ng4 21. Qe2 Nxg5 
22. Nh4 Kb8 23. Rab1 Ka7 24. Nf5 Qd7 25. Bh4 f6 26. Qb2 Qc7 27. c4 Rc8 
28. Qd2 Qd8 29. Rb2 Rc6 30. Rfb1 Qd7 31. Rb5 Rh7 32. Ng3 Rg7 33. a4 Ne6 
34. d4 Ng5 35. Bxg5 fxg5 36. Nf5 Rf7 37. d5 Rxc4 38. Rxb6 Qxa4 39. Nxd6 Rc2 
40. Nxf7 Rxd2 41. Rxb7+ Ka8 42. Rb8+ Ka7 43. R1b7+ Ka6 44. Rb6+ Ka7 
45. R6b7+ Ka6 46. Rb6+ Ka7 47. R8b7+ Ka8 48. Rb8+ Ka7 1/2-1/2